AoeStats
← BottleDry

Nomad

506001563Analyzed
3v3 RM · 21d ago on Sep 12, 2026· 50m 17s· 6 players
Game mode
Random Map
Map size
210×210
Population
200
Speed
Normal
Resources
Standard
Victory
Conquest
Starting age
Dark Age
Ending age
Imperial Age
RankedLock teamsTeams togetherTeam positionsShared explorationLock speedFull tech treeHidden civsTurbo modeCheats
Victory
Defeat
🇺🇸 Spanish · United States
1107
+13
🇺🇸 Mongols · United States
1051
+15
🇺🇸 Wei · United States
917
+21
🇲🇽 Bengalis · Mexico
1042
-17
🇺🇾 Magyars · Uruguay
1038
-17
🇨🇳 Berbers · China
1011
-15
moresky
4:51 Loom
13:33 Feudal Age
14:01 Double-Bit Axe
15:44 Fishing Lines
20:56 Wheelbarrow
22:41 Castle Age
21:48 Horse Collar
22:02 Stone Mining
22:08 Gold Mining
24:46 Husbandry
24:57 Bloodlines
25:54 Demolition Ship
27:44 Medium Warships
29:36 Fletching
29:47 Padded Archer Armor
32:48 Bow Saw
41:14 Hand Cart
41:38 Town Watch
42:37 Gold Shaft Mining
47:40 Imperial Age
45:51 Stone Shaft Mining
45:40 Kasbah
46:34 Bodkin Arrow
46:54 Leather Archer Armor
46:45 Scale Barding Armor
46:51 Forging
48:05 Cavalier
48:32 Heavy Camel Rider
danielvera932
5:23 Loom
14:31 Feudal Age
18:55 Double-Bit Axe
24:18 Castle Age
22:54 Wheelbarrow
23:09 Bloodlines
27:27 Husbandry
29:48 Scale Barding Armor
30:14 Devotion
34:49 Thumb Ring
35:18 Fletching
35:28 Padded Archer Armor
36:11 Bow Saw
35:47 Horse Collar
37:49 Bodkin Arrow
41:44 Hand Cart
44:06 Imperial Age
41:52 Hand Cart
41:24 Town Watch
43:26 Medium Warships
43:02 Fishing Lines
43:30 Corvinian Army
43:42 Heavy Plow
44:52 Chain Barding Armor
44:48 Leather Archer Armor
45:48 Chemistry
46:25 Cavalier
50:13 Plate Barding Armor
Barbeituss
12:52 Feudal Age
19:07 Castle Age
28:14 Fletching
29:38 Forging
31:52 Wheelbarrow
31:25 Bodkin Arrow
31:49 Loom
33:47 Horse Collar
35:14 Bloodlines
35:29 Heavy Plow
35:16 Double-Bit Axe
36:53 Padded Archer Armor
37:37 Scale Barding Armor
42:10 Imperial Age
41:02 Hand Cart
41:34 Ballistics
43:41 Bracer
45:42 Bow Saw
46:04 Crop Rotation
47:23 Chemistry
46:41 Husbandry
47:50 Leather Archer Armor
48:38 Pikeman
50:02 Ring Archer Armor
Age_noob
4:57 Loom
14:28 Feudal Age
14:56 Double-Bit Axe
23:15 Castle Age
21:26 Stone Mining
25:05 Wheelbarrow
27:28 Pikeman
28:28 Medium Warships
31:42 Squires
35:13 Town Watch
37:57 Gold Mining
38:46 Elite Skirmisher
43:00 Imperial Age
41:51 Bow Saw
42:04 Fletching
42:14 Padded Archer Armor
42:47 Bloodlines
42:40 Husbandry
44:03 Halberdier
46:31 Conscription
51:02 Hand Cart
BottleDry
4:43 Loom
15:38 Feudal Age
16:34 Double-Bit Axe
17:45 Bloodlines
17:27 Horse Collar
23:14 Forging
25:46 Castle Age
24:37 Scale Barding Armor
25:01 Stone Mining
25:01 Gold Mining
26:36 Wheelbarrow
27:02 Bow Saw
26:54 Heavy Plow
27:04 Husbandry
27:34 Chain Barding Armor
27:49 Iron Casting
28:53 Wheelbarrow
33:04 Iron Casting
36:34 Scale Mail Armor
37:02 Fletching
37:12 Padded Archer Armor
36:35 Elite Skirmisher
37:34 Padded Archer Armor
39:24 Leather Archer Armor
40:26 Bodkin Arrow
42:57 Ballistics
46:11 Imperial Age
49:00 Blast Furnace
49:44 Conscription
DreamMurders
4:30 Loom
16:17 Feudal Age
21:19 Castle Age
20:26 Fishing Lines
21:59 Gillnets
24:59 Medium Warships
26:11 Double-Bit Axe
27:59 Pikeman
28:06 Pikeman
34:16 Wheelbarrow
33:24 Horse Collar
33:56 Bow Saw
34:14 Town Watch
35:21 Forging
35:12 Scale Mail Armor
36:24 Stone Mining
36:28 Gold Mining
37:02 Hand Cart
37:26 Town Patrol
40:26 Bloodlines
41:15 Thumb Ring
40:31 Elite Skirmisher
43:58 Imperial Age
42:47 Gold Shaft Mining
42:52 Stone Shaft Mining
42:48 Fletching
42:59 Padded Archer Armor
44:14 Capped Ram
Connection lost

Rejoining the realm…

Still unreachable

The connection could not be restored.

Session expired

The server has moved on; the page needs a fresh start.